 Dungeon Crawl Stone Soup version coffee-0.2.0 (webtiles) character file.

Game seed: 16069398936466333793, levelgen mode: deterministic

14304 Dorkslayer the Severer (level 12, -4/107 HPs)
             Began as a Hill Orc Fighter on Oct 28, 2020.
             Was a High Priest of Okawaru.
             Killed from afar by a white draconian (13 damage)
             ... with a chilling blast
             ... on level 10 of the Dungeon.
             The game lasted 00:28:32 (8185 turns).

Dorkslayer the Severer (Hill Orc Fighter)           Turns: 8185, Time: 00:28:33

Health: -4/107     AC: 21    Str: 24    XL:     12   Next: 15%
Magic:  13/13      EV: 10    Int:  8    God:    Okawaru [*****.]
Gold:   2727       SH: 17    Dex: 10    Spells: 11/11 levels left

rFire    . . .     SeeInvis .   H - +7 broad axe of Dominance {venom, +Inv rC- Stlth+}
rCold    . . .     Gourm    .   c - +0 kite shield
rNeg     . . .     Faith    .   p - +0 plate armour
rPois    .         Spirit   .   (no helmet)
rElec    .         Reflect  +   t - +1 cloak
rCorr    +         Harm     .   (no gloves)
MR       +....                  B - +2 pair of boots
Stlth    ..........             l - +4 amulet of reflection
HPRegen  0.27/turn              y - ring of protection from magic
MPRegen  0.13/turn              E - ring "Lary" {rC+ rCorr}

@: mighty, berserk cooldown, hasted and slowed
A: no striking features
a: Heroism, Finesse, Renounce Religion, Evoke Invisibility


You were on level 10 of the Dungeon.
You worshipped Okawaru.
Okawaru was extremely pleased with you.
You were not hungry.

You visited 2 branches of the dungeon, and saw 11 of its levels.

You collected 2727 gold pieces.

Inventory:

Hand Weapons
 a - a +0 war axe
 d - a +0 war axe
 x - a +2 vorpal war axe
 H - the +7 broad axe of Dominance (weapon) {venom, +Inv rC- Stlth+}
   (Okawaru gifted it to you on level 8 of the Dungeon)

   It poisons the flesh of those it strikes.
   It makes you vulnerable to cold.
   It lets you turn invisible.
   It makes you more stealthy.
Missiles
 h - 18 boomerangs (quivered)
 m - 6 boomerangs of dispersal
 D - a throwing net
 G - 6 silver javelins
 J - 6 silver boomerangs
Armour
 c - a +0 kite shield (worn)
 p - a +0 plate armour (worn)
 t - a +1 cloak (worn)
 B - a +2 pair of boots (worn)
Jewellery
 l - a +4 amulet of reflection (around neck)
 y - a ring of protection from magic (left hand)
 E - the ring "Lary" (right hand) {rC+ rCorr}
   (You found it on level 7 of the Dungeon)

   [ring of resist corrosion]

   It protects you from cold.
   It provides partial protection from all sources of acid and corrosion.
Wands
 r - a wand of random effects (4)
Scrolls
 b - 2 scrolls of amnesia
 e - 9 scrolls of remove curse
 g - 3 scrolls of blinking
 n - a scroll of silence
 o - 5 scrolls of teleportation
 q - 2 scrolls of fear
 w - 4 scrolls of fog
 F - a scroll of holy word
Potions
 i - 3 potions of haste
 j - 4 potions of flight
 s - 2 potions of stabbing
 v - a potion of ambrosia
 A - a potion of might
 C - 2 potions of cancellation
Miscellaneous
 z - a sack of spiders
Comestibles
 f - 20 rations
 I - 3 chunks of flesh


   Skills:
 + Level 10.4(13.3) Fighting
 + Level 15.9 Axes
 + Level 4.0 Throwing
 + Level 7.7(11.6) Armour
 + Level 0.9(7.9) Dodging
 + Level 1.0(8.6) Stealth
 + Level 10.0(12.5) Shields
 + Level 0.1(1.2) Invocations
 + Level 1.4 Evocations


You had 11 spell levels left.
You didn't know any spells.
Your spell library contained the following spells:

 Spells                   Type           Power        Failure   Level  Hunger
 Animate Skeleton         Necr           N/A          96%         1    None
 Apportation              Tloc           #.....       96%         1    None
 Beastly Appendage        Tmut           #.....       96%         1    None
 Corona                   Hex            #......      96%         1    None
 Summon Butterflies       Summ           #.......     96%         1    None
 Summon Small Mammal      Summ           #...         96%         1    None
 Ensorcelled Hibernation  Hex/Ice        #.....       99%         2    ##.....
 Sticks to Snakes         Tmut           #.......     99%         2    ##.....
 Confusing Touch          Hex            #.......     100%        3    ###....
 Dazzling Flash           Conj/Hex       #.....       100%        3    ###....
 Gell's Gravitas          Tloc           #.........   100%        3    ###....
 Lesser Beckoning         Tloc           #.........   100%        3    ###....
 Spider Form              Tmut/Pois      #.........   100%        3    ###....
 Tukima's Dance           Hex            #.......     100%        3    ###....
 Ice Form                 Ice/Tmut       #.......     100%        4    ####...
 Petrify                  Tmut/Erth      #.......     100%        4    ####...
 Alistair's Intoxication  Tmut/Pois      #.......     100%        5    ######.
 Blade Hands              Tmut           #.........   100%        5    ######.
 Metabolic Englaciation   Hex/Ice        #.........   100%        5    ######.
 Yara's Violent Unravell  Hex/Tmut       #.........   100%        5    ######.
 Invisibility             Hex            #.......     100%        6    #######


Dungeon Overview and Level Annotations

Branches:
Dungeon (10/10)            Temple (1/1) D:2
    Zot: D:10

Altars:
Ashenzari
Cheibriados
Dithmenos
Elyvilon
Fedhas
Gozag
Hepliaklqana
Kikubaaqudgha
Makhleb
Nemelex Xobeh
Okawaru
Qazlal
Ru
Sif Muna
Trog
Uskayaw
Vehumet
Wu Jian
Xom
Yredelemnul
Zin
The Shining One


Message History

You slice the purple draconian monk!!
The purple draconian monk is poisoned.
The purple draconian monk is severely wounded.
The purple draconian monk breathes dispelling energy at you.
The bolt of dispelling energy misses you.
You closely miss the purple draconian monk.
The purple draconian monk is severely wounded.
You block the purple draconian monk's attack.
The purple draconian monk barely misses you.
The purple draconian monk tail-slaps you.
* * * LOW HITPOINT WARNING * * *
You slash the purple draconian monk!
The purple draconian monk looks as sick as possible!
The purple draconian monk is almost dead.
You kill the purple draconian monk!
Okawaru accepts your kill.
A white draconian comes into view.
It is wielding a +2 long sword of holy wrath.
The white draconian roars!
The white draconian breathes frost at you.
The chilling blast hits you!
You die...

....# . ...# ..
#..# ...⌠d. #..#
.....(..###).#
D.p.......))[#
...........(.#
...........d.#
#......#####@#
#...........#
#.(.))†....#
#...)(.....#
....#.)......# ...
#........#
#........#
#########........#
##......#........#


You could see 2 draconians.

Vanquished Creatures
  2 two-headed ogres
  A death knight (D:10)
  A draconian monk (D:10)
  Pikel (D:5)
  A draconian shifter (D:10)
  A bone dragon (D:10)
  An ice dragon (D:10)
  A white draconian (D:10)
  A gargoyle (D:10)
  A purple draconian (D:10)
  2 yellow draconians (D:10)
  2 trolls (D:10)
  A hornet (D:9)
  Grinder (D:4)
  4 hippogriffs
  3 wyverns
  4 yaks (D:10)
  A hungry ghost (D:8)
  Menkaure (D:4)
  Edmund (D:4)
  2 water moccasins
  3 sky beasts (D:8)
  4 ice beasts
  5 orc warriors
  3 phantoms
  A black bear (D:8)
  2 necrophages
  3 slaves (D:5)
  7 centaurs
  5 ogres
  2 big kobolds
  2 bullfrogs
  5 scorpions
  A wyvern skeleton (D:9)
  4 killer bees (D:8)
  16 wights
  2 howler monkeys
  3 jellies
  2 crimson imps (D:5)
  3 centaur zombies
  8 hounds
  2 centaur skeletons
  7 orc priests
  2 bullfrog skeletons
  17 orc wizards
  Crazy Yiuf (D:7)
  3 iguanas
  2 worker ants
  2 killer bee zombies
  A hound zombie (D:5)
  A howler monkey zombie (D:7)
  A worker ant zombie (D:5)
  A howler monkey skeleton (D:7)
  7 adders
  3 shadow imps
  5 worms
  2 dart slugs
  2 leopard geckos
  51 orcs
  5 giant cockroaches
  2 gnoll zombies (D:2)
  10 goblins
  11 hobgoblins
  8 jackals
  3 quokkas
  2 ball pythons (D:1)
  6 bats
  7 frilled lizards
  A jackal skeleton (D:4)
  25 kobolds
  9 rats
313 creatures vanquished.

Vanquished Creatures (collateral kills)
  A big kobold (D:10)
1 creature vanquished.

Vanquished Creatures (others)
  A slave (D:5)
  A centaur (D:9)
  An orc priest (D:5)
  A goblin (D:4)
  A kobold (D:10)
5 creatures vanquished.

Grand Total: 319 creatures vanquished

Notes
Turn   | Place    | Note
-------+----------+-------------------------------------------
     0 | D:1      | Dorkslayer the Hill Orc Fighter began the quest for the
                  | Orb.
     0 | D:1      | Reached XP level 1. HP: 19/19 MP: 1/1
   100 | D:1      | Reached XP level 2. HP: 26/27 MP: 2/2
   103 | D:1      | Reached skill level 3 in Axes
   404 | D:1      | Reached XP level 3. HP: 33/33 MP: 3/3
   760 | D:2      | Found a basalt altar of Yredelemnul.
   840 | D:2      | Reached XP level 4. HP: 40/40 MP: 4/4
   977 | D:2      | Found a staircase to the Ecumenical Temple.
   986 | Temple   | Entered the Ecumenical Temple
  1063 | Temple   | Became a worshipper of Warmaster Okawaru
  1392 | D:3      | Reached skill level 4 in Axes
  1768 | D:3      | Reached XP level 5. HP: 44/47 MP: 5/5
  1780 | D:3      | Identified the +3 battleaxe of Dosezis {drain, rElec Str+2
                  | Int-4 Dex+4} (You acquired it on level 3 of the Dungeon)
  1815 | D:3      | Noticed an ogre
  1821 | D:3      | Killed an ogre
  1821 | D:3      | Reached skill level 5 in Axes
  1965 | D:3      | Found a sacrificial altar of Ru.
  2104 | D:4      | Noticed Grinder
  2128 | D:4      | Killed Grinder
  2128 | D:4      | Reached * piety under Okawaru
  2128 | D:4      | Reached skill level 5 in Fighting
  2128 | D:4      | Reached skill level 6 in Axes
  2128 | D:4      | Reached XP level 6. HP: 42/56 MP: 6/6
  2155 | D:4      | Reached skill level 5 in Shields
  2155 | D:4      | Reached XP level 7. HP: 51/61 MP: 7/7
  2171 | D:4      | Noticed Edmund
  2186 | D:4      | Killed Edmund
  2190 | D:4      | Reached skill level 1 in Throwing
  2231 | D:4      | Reached skill level 7 in Axes
  2242 | D:4      | Found a snail-covered altar of Cheibriados.
  2289 | D:4      | Noticed Menkaure
  2304 | D:4      | Killed Menkaure
  2304 | D:4      | Reached ** piety under Okawaru
  2304 | D:4      | Reached XP level 8. HP: 7/70 MP: 8/8
  2611 | D:4      | Reached skill level 8 in Axes
  2791 | D:5      | Entered Level 5 of the Dungeon
  2865 | D:5      | Noticed Pikel
  2907 | D:5      | Killed Pikel
  2907 | D:5      | Reached *** piety under Okawaru
  2907 | D:5      | Reached skill level 9 in Axes
  2907 | D:5      | Reached skill level 5 in Armour
  3050 | D:5      | Reached XP level 9. HP: 71/75 MP: 9/9
  3059 | D:5      | Reached skill level 10 in Axes
  3059 | D:5      | Reached skill level 1 in Evocations
  3426 | D:5      | Found a bloodstained altar of Trog.
  4079 | D:6      | Found a blossoming altar of Fedhas.
  4090 | D:6      | Found a burning altar of Makhleb.
  4090 | D:6      | Noticed an Executioner
  4305 | D:6      | Reached skill level 11 in Axes
  4518 | D:7      | Reached **** piety under Okawaru
  4807 | D:7      | Reached skill level 12 in Axes
  4807 | D:7      | Reached XP level 10. HP: 84/86 MP: 10/10
  5285 | D:7      | Got the ring "Lary" {rC+ rCorr}
  5316 | D:7      | Found a runed translucent door.
  5317 | D:7      | Noticed Crazy Yiuf
  5323 | D:7      | Killed Crazy Yiuf
  5681 | D:8      | Reached skill level 1 in Stealth
  6011 | D:8      | Received a gift from Okawaru
  6011 | D:8      | Reached skill level 13 in Axes
  6019 | D:8      | Found a shadowy altar of Dithmenos.
  6055 | D:8      | Reached ***** piety under Okawaru
  6082 | D:8      | Found a shimmering altar of Xom.
  6604 | D:8      | Received a gift from Okawaru
  6606 | D:8      | Got the +7 broad axe of Dominance {venom, +Inv rC- Stlth+}
  6689 | D:8      | Noticed a two-headed ogre
  6697 | D:8      | Killed a two-headed ogre
  6697 | D:8      | Reached skill level 14 in Axes
  6697 | D:8      | Reached XP level 11. HP: 95/95 MP: 11/11
  7689 | D:9      | Received a gift from Okawaru
  7754 | D:10     | Entered Level 10 of the Dungeon
  7907 | D:10     | Found a white marble altar of Elyvilon.
  8131 | D:10     | Noticed a red draconian shifter
  8137 | D:10     | Killed a red draconian shifter
  8137 | D:10     | Reached skill level 15 in Axes
  8141 | D:10     | Noticed a death knight
  8147 | D:10     | Noticed a two-headed ogre
  8165 | D:10     | Killed a death knight
  8165 | D:10     | Received a gift from Okawaru
  8165 | D:10     | Reached skill level 10 in Fighting
  8166 | D:10     | Reached skill level 10 in Shields
  8166 | D:10     | Reached XP level 12. HP: 23/106 MP: 11/13
  8168 | D:10     | Killed a two-headed ogre
  8185 | D:10     | Killed from afar by a white draconian

Levels and vault maps discovered:
D:1:      minmay_arrival_doors, layout_basic
D:2:      layout_rooms, lemuel_zombie_altar_yredelemnul,
          minmay_temple_entry_statues, first_ration, dk_noncrumbling_4
D:3:      layout_loops_cross, hangedman_ru_absence
D:4:      layout_rooms, kennysheep_slug_shrine, uniq_edmund, uniq_menkaure,
          uniq_grinder
D:5:      layout_cave_pods, tgw_trog, uniq_pikel
D:6:      layout_loops_ring, lemuel_crystal_altar, makhleb_altar_promises_db
D:7:      layout_basic, grunt_ogre_cave, uniq_crazy_yiuf_cottage
D:8:      minmay_polygon_palace, layout_basic,
          chequers_temple_overflow_statue_of_worship, serial_glass,
          glass_columns_b, glass_columns_c, glass_columns_a, glass_columns_a,
          glass_columns_c, glass_columns_c
D:9:      layout_gridville
D:10:     grunt_zot_entry_alcove, layout_stronghold, basic_altar
Temple:   minmay_temple_bridge_d

Skill      XL: |  1  2  3  4  5  6  7  8  9 10 11 |
---------------+----------------------------------+-----
Axes           | 3 4 6 7 9 12 14 15 | 15.9
Fighting       | 4 5 6 7 8 10 | 10.4
Shields        | 4 5 6 7 8 10 | 10.0
Armour         | 4 5 6 7 |  7.7
Throwing       | 1 2 3 4 |  4.0
Evocations     | 1 |  1.4
Stealth        | 1 |  1.0
Dodging        | |  0.9
Invocations    | |  0.1

Action                   |  1- 3 |  4- 6 |  7- 9 | 10-12 || total
-------------------------+-------+-------+-------+-------++-------
Melee: War axe           |   122 |   139 |   308 |   185 ||   754
       Broad axe         |       |       |       |   173 ||   173
Throw: Boomerang         |     1 |    11 |    18 |    46 ||    76
Invok: Heroism           |       |       |     1 |       ||     1
Evoke: Wand              |       |     2 |    10 |     2 ||    14
       Tin of tremorston |       |       |       |     2 ||     2
       Sack of spiders   |       |       |       |     2 ||     2
  Use: Potion            |     1 |       |     3 |     4 ||     8
       Scroll            |       |     1 |     1 |     1 ||     3
  Eat: Chunk             |       |     5 |     5 |     3 ||    13
       Ration            |       |       |     1 |     3 ||     4
Armor: Scale mail        |    29 |       |       |       ||    29
       Chain mail        |    39 |    13 |       |       ||    52
       Plate armour      |       |    66 |    93 |   103 ||   262
Dodge: Dodged            |    37 |    30 |    45 |    50 ||   162
Block: Kite shield       |    77 |   123 |   193 |   236 ||   629
       Reflection        |       |     3 |     5 |    30 ||    38
